 Dungeon Crawl Stone Soup version 0.22.1-1-ga44c0e5 (webtiles) character file.

56 inc the Conjurer (level 3, 14/14 HPs)
             Began as a Felid Conjurer on Oct 27, 2018.
             Quit the game on level 3 of the Dungeon.
             The game lasted 00:02:20 (2628 turns).

inc the Conjurer (Felid Conjurer)                   Turns: 2628, Time: 00:02:20

Health: 14/14      AC:  1    Str:  4    XL:     3   Next: 71%
Magic:  8/8        EV: 18    Int: 16    God:
Gold:   88         SH:  0    Dex: 17    Spells: 4/7 levels left
                                        Lives:  0   Deaths: 1

rFire    . . .     SeeInvis +   (weapon unavailable)
rCold    . . .     Gourm    .   (shield unavailable)
rNeg     . . .     Faith    .   (armour unavailable)
rPois    .         Spirit   .   (helmet unavailable)
rElec    .         Reflect  .   (cloak unavailable)
rCorr    .         Harm     .   (gloves unavailable)
MR       .....                  (boots unavailable)
Stlth    +++.......             (no amulet)
HPRegen  0.04/turn              (no ring)
MPRegen  0.11/turn              (no ring)

@: quick
A: very small, no armour, no weapons or thrown items, stealth, claws 1, fangs 3,
see invisible, carnivore, speed 1, shaggy fur 1, slow metabolism 1, sharp paws
a: no special abilities


You were on level 3 of the Dungeon.
You were not hungry.

You visited 1 branch of the dungeon, and saw 3 of its levels.

You collected 88 gold pieces.

Inventory:

Jewellery
 h - a +2 amulet of reflection {unknown}
Scrolls
 a - 2 scrolls of magic mapping {unknown}
 d - a scroll of teleportation {unknown}
 e - a scroll of identify {unknown}
 f - a scroll of enchant armour {unknown}
 j - a scroll of random uselessness {unknown}
 l - a scroll of remove curse {unknown}
Potions
 c - a potion of cancellation {unknown}
 g - 3 potions of curing {unknown}
 i - a potion of heal wounds {unknown}
 k - a potion of degeneration {unknown}
Comestibles
 b - 3 rations


   Skills:
 - Level 2.6 Dodging
 - Level 2.6 Stealth
 + Level 2.9 Spellcasting
 - Level 5.1 Conjurations


You had 4 spell levels left.
You knew the following spells:

 Your Spells              Type           Power        Failure   Level  Hunger
a - Magic Dart            Conj           ###.         2%          1    #......
b - Searing Ray           Conj           ###...       3%          2    ##.....

Your spell library contained the following spells:

 Spells                   Type           Power        Failure   Level  Hunger
 Dazzling Spray           Conj/Hex       ##....       21%         3    ###....
 Iskenderun's Mystic Bla  Conj           ###.....     22%         4    #####..
 Force Lance              Conj/Tloc      ##......     54%         4    #####..
 Fulminant Prism          Conj/Hex       ##........   54%         4    #####..


Dungeon Overview and Level Annotations

Branches:
Dungeon (3/15)

Altars:


Innate Abilities, Weirdness & Mutations

You cannot wear armour.
You are incapable of wielding weapons or throwing items.
Your paws allow you to move quietly. (Stealth)
You have sharp claws.
You have razor-sharp teeth.
You have supernaturally acute eyesight. (SInv)
You are carnivorous and can eat meat at any time.
You cover ground quickly.
You are covered in fur. (AC +1)
You have a slow metabolism.
Your sharp claws are effective at attacking unaware monsters.


Message History

Press: ? - help, Shift-Dir - straight line, f/p - worm
Aim: a worm (heavily wounded)
The magic dart hits the worm.
The worm is severely wounded.
The jackal bites you.
* * * LOW HITPOINT WARNING * * *
Casting: Magic Dart (safe; 2% risk of failure)
Confirm with . or Enter, or press ? or * to list all spells.
Aiming: Magic Dart (safe; 2% risk of failure)
Press: ? - help, Shift-Dir - straight line, f/p - worm
Aim: a worm (severely wounded)
The magic dart hits the worm.
The worm is almost dead.
The jackal misses you. The worm bites you!
Ouch! That really hurt!
You die...
The jackal bites you.
You are now level 3!
You rejoin the land of the living...
Are you sure you want to abandon this character and quit the game? (Confirm

........
.......†
........
........ #
....?...
########..
.......♣
#.........
.......
#.........
.......
#.@.......
.......
#.........
..#....
########..


There were no monsters in sight!

Vanquished Creatures
  A hound (D:2)
  A gnoll (D:1)
  4 adders
  2 worms (D:2)
  3 leopard geckos
  A bat (D:3)
  2 giant cockroaches
  5 goblins
  4 hobgoblins
  2 jackals (D:3)
  A frilled lizard (D:1)
  4 kobolds
  7 rats
37 creatures vanquished.

Notes
Turn   | Place    | Note
-------+----------+-------------------------------------------
     0 | D:1      | inc the Felid Conjurer began the quest for the Orb.
     0 | D:1      | Reached XP level 1. HP: 7/7 MP: 4/4
    12 | D:1      | Noticed an electric eel
   124 | D:1      | Reached skill level 4 in Conjurations
   436 | D:1      | Reached XP level 2. HP: 11/11 MP: 3/6
  1005 | D:2      | Reached XP level 3. HP: 14/14 MP: 0/7
  1363 | D:2      | Reached skill level 5 in Conjurations
  1363 | D:2      | Reached XP level 4. HP: 5/18 MP: 0/8
  2295 | D:3      | Learned a level 2 spell: Searing Ray
  2313 | D:3      | Found a faded altar of an unknown god.
  2627 | D:3      | Mangled by a worm
  2628 | D:3      | Reached XP level 3. HP: -10/14 MP: 3/8
  2628 | D:3      | Quit the game

Skill      XL: |  1  2  3 |
---------------+----------+-----
Conjurations   | 4 5 |  5.1
Dodging        | |  2.6
Stealth        | |  2.6
Spellcasting   | |  2.9

Action                   |  1- 3 |  4- 6 || total
-------------------------+-------+-------++-------
Melee: Unarmed           |    16 |    12 ||    28
       Bite              |     1 |     2 ||     3
 Cast: Magic Dart        |    51 |    61 ||   112
  Eat: Chunk             |       |     2 ||     2
Dodge: Dodged            |    19 |    25 ||    44
